 Dungeon Crawl Stone Soup version 0.29.1-2-gbd0b4ee654 (webtiles) character file.

Game seed: 15668815375976333860

13 MisterFreud the Twirler (level 2, 0/22 HPs)
             Began as a Formicid Gladiator on Nov 1, 2022.
             Frozen to death by an endoplasm (5 damage)
             ... on level 1 of the Dungeon.
             The game lasted 00:00:23 (248 turns).

MisterFreud the Twirler (Formicid Gladiator)         Turns: 248, Time: 00:00:25

Health: 0/22       AC:  3    Str: 18    XL:     2   Next: 50%
Magic:  2/2        EV: 12    Int:  7    God:
Gold:   18         SH:  0    Dex: 15    Spells: 1/1 levels left

rFire   . . .      SeeInvis +   a - +0 quarterstaff
rCold   . . .      Faith    .   (no shield)
rNeg    . . .      Spirit   .   b - +0 leather armour
rPois   .          Reflect  .   (helmet unavailable)
rElec   .          Harm     .   (no cloak)
rCorr   .          Rampage  .   (no gloves)
Will    .....                   (no boots)
Stlth   +.........              (no amulet)
HPRegen 0.07/turn               (no ring)
MPRegen 0.08/turn               (no ring)

@: no status effects
A: permanent stasis, dig shafts and tunnels, antennae 3, four strong arms
a: Dig, Shaft Self


You were on level 1 of the Dungeon.
You visited 1 branch of the dungeon, and saw 1 of its levels.

You collected 18 gold pieces.

Inventory:

Hand Weapons
 a - a +0 quarterstaff (weapon)
Missiles
 c - 3 throwing nets (quivered)
 d - 5 javelins
Armour
 b - a +0 leather armour (worn)
Potions
 e - a potion of degeneration {unknown}


   Skills:
 - Level 2.1 Fighting
 + Level 3.7 Staves
 - Level 2.0 Throwing
 - Level 2.6 Dodging


You had one spell level left.
You didn't know any spells.
Your spell library contained the following spells:

 Spells                   Type           Power      Damage    Failure   Level
 Passage of Golubria      Tloc           0%         N/A       99%         4
 Silence                  Hex/Air        0%         N/A       100%        5
 Lehudib's Crystal Spear  Conj/Erth      0%         10d2      100%        8


Dungeon Overview and Level Annotations

Branches:
Dungeon (1/15)

Altars:


Innate Abilities, Weirdness & Mutations

You cannot be hasted, slowed, berserked, paralysed or teleported.
You can dig through walls and to a lower floor.
You have a pair of large antennae on your head. (SInv)
Your four strong arms can wield two-handed weapons with a shield.


Message History

The quokka is heavily wounded.
The quokka barely misses you.
A quokka is nearby!
You barely miss the quokka.
The quokka is heavily wounded.
The quokka closely misses you.
A quokka is nearby!
You miss the quokka.
The quokka is heavily wounded.
The quokka closely misses you. The quokka bites you.
You hit the quokka.
You kill the quokka!
You sense a monster nearby.
No target in view!
You sense a monster nearby.
An endoplasm comes into view.
A quokka comes into view.
You closely miss the quokka. The quokka bites you.
There are monsters nearby!
You hit the quokka but do no damage. The quokka barely misses you. x2
There are monsters nearby!
You closely miss the quokka. The endoplasm freezes you.
You are frozen.
The quokka bites you. The endoplasm freezes you.
You are frozen.
You are too injured to fight recklessly!
There are monsters nearby!
You are too injured to fight recklessly!
There are monsters nearby!
You barely miss the endoplasm. The quokka bites you.
The endoplasm hits you but does no damage.
The quokka bites you.
You hit the endoplasm.
The endoplasm is lightly wounded.
The quokka bites you.
* * * LOW HITPOINT WARNING * * *
The endoplasm freezes you.
You are frozen.
You die...

. #... #. #.#.# ..##...
####.##.#.# ......
........#.# #...
......#.# #... .....#.#
#... #...#.# #...
#..J#.# #.#.
#.r@#.###########+#.
#.#.................
.......#.##......#.....
####.#...........#.....
...#.#.#.......#.....
### #.#.#.......#.....
..#.#.......#.....
##.#.##...>..#.....
..#.##......###...


You could see an endoplasm and a quokka.

Vanquished Creatures
  An endoplasm (D:1)
  2 giant cockroaches (D:1)
  2 goblins (D:1)
  2 hobgoblins (D:1)
  2 quokkas (D:1)
  A frilled lizard (D:1)
10 creatures vanquished.

Notes
Turn   | Place    | Note
-------+----------+-------------------------------------------
     0 | D:1      | MisterFreud the Formicid Gladiator began the quest for the
                  | Orb.
     0 | D:1      | Reached XP level 1. HP: 16/16 MP: 1/1
   131 | D:1      | Reached XP level 2. HP: 21/22 MP: 2/2
   248 | D:1      | Frozen to death by an endoplasm

Illustrated notes

Levels and vault maps discovered:
D:1:      evilmike_arrival_plus, layout_basic,
          shapermc_ecumenical_altar_acropolis, minmay_misc_feat_encased,
          minmay_worlds_worst_comb

Action                   || total
-------------------------++-------
Melee: Quarterstaff      ||    25
Armor: Leather armour    ||     7
Dodge: Dodged            ||    15
